 Dungeon Crawl Stone Soup version 0.24.0-35-gdb84b6a5db (webtiles) character file.

Game seed: 2291328745923714580, levelgen mode: deterministic

86 grindst0ne the Cutter (level 4, -4/45 HPs)
             Began as a Kobold Berserker on Nov 17, 2019.
             Was a Believer of Trog.
             Slain by a gnoll
             ... wielding a +0 halberd
              (12 damage)
             ... on level 2 of the Dungeon.
             The game lasted 00:03:41 (1600 turns).

grindst0ne the Cutter (Kobold Berserker)            Turns: 1600, Time: 00:03:42

Health: -4/45      AC:  5    Str: 20    XL:     4   Next: 78%
Magic:  4/4        EV: 13    Int:  8    God:    Trog [**....]
Gold:   72         SH:  4    Dex: 16    Spells: 3/3 levels left

rFire    . . .     SeeInvis .   f - +0 whip (venom)
rCold    . . .     Gourm    .   r - +0 buckler (curse)
rNeg     . . .     Faith    .   u - +0 ring mail
rPois    .         Spirit   .   (no helmet)
rElec    .         Reflect  .   (no cloak)
rCorr    .         Harm     .   (no gloves)
MR       .....                  (no boots)
Stlth    ..........             (no amulet)
HPRegen  0.15/turn              e - +2 ring of dexterity
MPRegen  0.09/turn              (no ring)

@: berserking, very quick
A: small, carnivore
a: Berserk, Trog's Hand, Renounce Religion


You were on level 2 of the Dungeon.
You worshipped Trog.
Trog was pleased with you.
You were very full.

You visited 1 branch of the dungeon, and saw 2 of its levels.

You collected 72 gold pieces.

Inventory:

Hand Weapons
 a - a +0 short sword
 f - a +0 whip of venom (weapon)
 h - a +0 hunting sling of flaming
Armour
 b - a +0 animal skin
 d - a +0 leather armour
 r - a cursed +0 buckler (worn)
 u - a +0 ring mail (worn)
Jewellery
 e - a +2 ring of dexterity (left hand)
Wands
 o - a wand of clouds (5)
Scrolls
 i - 2 scrolls of amnesia {unknown}
 j - 2 scrolls of identify {unknown}
 l - a scroll of enchant armour {unknown}
 m - a scroll of fog {unknown}
 n - a scroll of noise {unknown}
 p - a scroll of enchant weapon {unknown}
Potions
 g - a potion of heal wounds {unknown}
 q - a potion of curing {unknown}
 s - a potion of flight {unknown}
 t - a potion of berserk rage {unknown}
Comestibles
 c - 2 rations
 k - 7 chunks of flesh


   Skills:
 + Level 4.5 Fighting
 + Level 5.4 Short Blades
 - Level 1.5 Armour
 - Level 2.4 Dodging
 + Level 0.6 Shields


You had 3 spell levels left.
You didn't know any spells.
Your spell library was empty.

Dungeon Overview and Level Annotations

Branches:
Dungeon (2/15)

Altars:
Ashenzari


Innate Abilities, Weirdness & Mutations

You are small and have problems with some larger weapons.
You are carnivorous and can eat meat at any time.


Message History

You barely miss the gnoll.
The gnoll is almost dead.
The gnoll barely misses you. The gnoll misses you.
You hit the gnoll.
You kill the gnoll!
Trog accepts your kill.
The gnoll hits you from afar with a +0 spear!
* * * LOW HITPOINT WARNING * * *
The gnoll closely misses you.
The gnoll hits you from afar with a +0 spear.
* * * LOW HITPOINT WARNING * * *
A red film seems to cover your vision as you go berserk!
You feel yourself moving faster!
You feel mighty!
The gnoll hits you from afar with a +0 halberd.
* * * LOW HITPOINT WARNING * * *
You block the goblin's attack. The gnoll misses you.
You hit the goblin.
The goblin is poisoned.
The goblin is severely wounded.
The gnoll hits you from afar with a +0 halberd!
You die...

##### ...# ####.###### .
#.........# ...##
#.##.####.#
......###.##.# #.######
.....gg@..##.####.......
.....g######........####
...## ..######.# . #.#
#.# #.# #.# ..# #.# #.#
#.#### #.#...


You could see 2 gnolls and a goblin.

Vanquished Creatures
  A gnoll (D:2)
  An adder (D:2)
  An ooze (D:1)
  2 worms (D:2)
  3 dart slugs (D:1)
  A leopard gecko (D:2)
  3 giant cockroaches
  9 goblins
  6 hobgoblins
  6 kobolds
  2 quokkas (D:2)
  6 bats
  3 frilled lizards (D:1)
  A rat (D:1)
45 creatures vanquished.

Vanquished Creatures (others)
  A hobgoblin (D:1)
1 creature vanquished.

Grand Total: 46 creatures vanquished

Notes
Turn   | Place    | Note
-------+----------+-------------------------------------------
     0 | D:1      | grindst0ne the Kobold Berserker began the quest for the
                  | Orb.
     0 | D:1      | Reached XP level 1. HP: 14/14 MP: 1/1
   174 | D:1      | Reached XP level 2. HP: 16/19 MP: 2/2
   579 | D:1      | Reached XP level 3. HP: 24/24 MP: 3/3
   784 | D:2      | Reached skill level 5 in Short Blades
   819 | D:2      | Found a shattered altar of Ashenzari.
   889 | D:2      | Reached ** piety under Trog
   889 | D:2      | Reached XP level 4. HP: 11/29 MP: 4/4
  1201 | D:2      | Found a faded altar of an unknown god.
  1600 | D:2      | Slain by a gnoll

Levels and vault maps discovered:
D:1:      wheals_arrival_linesprint, layout_rooms
D:2:      layout_loops_ring, chequers_ecumenical_altar_simple, st_stairs_7,
          kennysheep_pointless_box, evilmike_ruin_ashenzari

Skill      XL: |  1  2  3 |
---------------+----------+-----
Fighting       | 4 |  4.5
Short Blades   | 5 |  5.4
Armour         | |  1.5
Dodging        | |  2.4
Shields        | |  0.6

Action                   |  1- 3 |  4- 6 || total
-------------------------+-------+-------++-------
Melee: Short sword       |    63 |       ||    63
       Whip              |    61 |    49 ||   110
Invok: Berserk           |       |     1 ||     1
 Stab: Sleeping          |     2 |     3 ||     5
  Eat: Chunk             |     8 |     3 ||    11
Armor: Leather armour    |    28 |     4 ||    32
       Animal skin       |     1 |       ||     1
Dodge: Dodged            |    93 |    28 ||   121
Block: Buckler           |       |     6 ||     6
